 Dungeon Crawl Stone Soup version 0.31-a0-236-g9a0961fb85 (webtiles) character file.

Game seed: 15463441642228736187

718 qw the Shooter (level 7, -2/61 HPs)
             Began as a Minotaur Hexslinger on July 9, 2023.
             Slain by an iguana (8 damage)
             ... on level 5 of the Dungeon.
             The game lasted 00:01:42 (3889 turns).

qw the Shooter (Minotaur Hexslinger)                Turns: 3889, Time: 00:01:43

Health: -2/61      AC:  9    Str: 19    XL:     7   Next: 42%
Magic:  7/7        EV: 11    Int: 10    God:
Gold:   190        SH:  0    Dex: 14    Spells: 7/8 levels left

rFire   . . .        Y - +3 sling
rCold   . . .        (no shield)
rNeg    . . .        a - +0 ring mail
rPois   .            (helmet restricted)
rElec   .            (no cloak)
rCorr   .            (no gloves)
SInv    .            (no boots)
Will    .....        (no amulet)
Stlth   +            f - +4 ring of protection
HPRegen 0.30/turn    i - +6 ring of strength
MPRegen 0.10/turn

%: no passive effects
@: lit by a corona, about to teleport, glowing
A: horns 2, retaliatory headbutt
a: no special abilities


You were on level 5 of the Dungeon.
You visited 1 branch of the dungeon, and saw 5 of its levels.

You collected 190 gold pieces.


Innate Abilities, Weirdness & Mutations

You have a pair of horns on your head.
You reflexively headbutt those who attack you in melee.


   Skills:
 - Level 5.1 Fighting
 + Level 7.9 Ranged Weapons
 - Level 1.0 Armour
 - Level 2.1 Dodging
 - Level 1.0 Spellcasting
 - Level 2.0 Hexes


You had 7 spell levels left.
You knew the following spells:

 Your Spells              Type           Power      Damage    Failure   Level
a - Slow                  Hex            16%        N/A       26%         1

Your spell library contained the following spells:

 Spells                   Type           Power      Damage    Failure   Level
 Inner Flame              Hex/Fire       2%         N/A       75%         3
 Portal Projectile        Hex/Tloc       4%         N/A       75%         3
 Cause Fear               Hex            2%         N/A       95%         4

Inventory:

Hand Weapons
 Y - a +3 sling (weapon)
Armour
 a - a +0 ring mail (worn)
Jewellery
 f - a +4 ring of protection (left hand)
 i - a +6 ring of strength (right hand)
Scrolls
 d - a scroll of identify
Potions
 b - a potion of might
 c - a potion of mutation
 e - a potion of degeneration {unknown}
 g - a potion of magic {unknown}

Dungeon Overview and Level Annotations

Branches:
Dungeon (5/15)
 Temple: D:4-7

Altars:
Nemelex Xobeh

Shops:
D:1 :=

Annotations:
D:4 4 runed translucent doors
D:5 Dowan


Message History

The hound bites you.
You shoot a sling bullet. The sling bullet hits Duvessa!
You kill Duvessa!
Dowan screams, "No!
Oh no!"
Dowan seems to find hidden reserves of power!
The iguana closely misses you. You furiously retaliate!
You headbutt the iguana. The hound bites you but does no damage.
You shoot a sling bullet. The sling bullet hits the iguana.
The iguana is moderately wounded.
The hound barely misses you.
Dowan gestures wildly while chanting.
Dowan blinks!
The iguana closely misses you. You furiously retaliate!
You headbutt the iguana.
The hound pauses to sniff the ground.
The hound bites you but does no damage.
You shoot a sling bullet. The sling bullet hits the iguana.
The iguana is severely wounded.
The hound barely misses you.
The iguana bites you but does no damage. x2
The hound misses you.
You shoot a sling bullet.
The sling bullet barely misses the iguana.
The sling bullet hits Dowan but does no damage.
Dowan is moderately wounded.
The hound closely misses you.
Dowan points at you and mumbles some strange words.
The stone arrow hits you! The iguana bites you.
You shoot a sling bullet. The sling bullet hits the iguana.
The iguana is severely wounded.
The hound bites you.
Dowan zaps a wand.
The puff of flame hits you! The hound bites you but does no damage.
The iguana bites you!
3888 ||| READING scroll of teleportation.
As you read the scroll of teleportation, it crumbles to dust.
You feel strangely unstable.
Dowan gestures wildly while chanting.
Dowan blinks!
The hound misses you. The iguana bites you!
You shoot a sling bullet.
The sling bullet barely misses the iguana.
The hound bites you but does no damage. x2; The iguana bites you!
You die...

#.## ##.# #.#
#.## ###..#
##....##
##.(...e##
#.......h.##
#....#...#@)##
...########l¤#
.## ##.##
##.## ##.##
#..### ##....#
#...##.>.#
#..### #.#


You could see Dowan (fast), an iguana and a hound.

Vanquished Creatures
  A water moccasin (D:4)
  Duvessa (D:5)
  A bullfrog (D:4)
  3 scorpions (D:4)
  A jelly (D:4)
  Ijyb (D:3)
  2 iguanas (D:4)
  Robin (D:3)
  5 adders
  A shadow imp (D:4)
  A white imp (D:4)
  A worm (D:3)
  6 dart slugs
  8 orcs
  7 endoplasms
  3 giant cockroaches
  12 goblins
  7 hobgoblins
  4 jackals (D:1)
  6 quokkas
  4 ball pythons
  3 bats
  3 frilled lizards
  11 kobolds
  8 rats
101 creatures vanquished.

Notes
Turn   | Place    | Note
-------+----------+-------------------------------------------
     0 | D:1      | qw the Minotaur Hexslinger began the quest for the Orb.
     0 | D:1      | Reached XP level 1. HP: 16/16 MP: 1/1
     0 | D:1      | 0 ||| qw: Version: 0.3-a-51-g015441d
     0 | D:1      | 0 ||| qw: Game counter: 4387
     0 | D:1      | 0 ||| qw: Melee chars always use a shield: true
     0 | D:1      | 0 ||| qw: God list: Okawaru
     0 | D:1      | 0 ||| qw: Allow faded altars: false
     0 | D:1      | 0 ||| qw: Do Orc after clearing Dungeon:15 true
     0 | D:1      | 0 ||| qw: Do second Lair branch before Depths: true
     0 | D:1      | 0 ||| qw: Lair rune preference: random
     0 | D:1      | 0 ||| qw: Goals: Normal
     0 | D:1      | 0 ||| PLANNING D:1-11
    59 | D:1      | Found Genloj's Jewellery Boutique.
    62 | D:1      | 62 ||| SHOPLISTING amulet of regeneration (300 gold, have
                  | 4).
    62 | D:1      | 62 ||| SHOPLISTING amulet of the acrobat (300 gold, have
                  | 4).
    62 | D:1      | 62 ||| SHOPLISTING ring of positive energy (200 gold, have
                  | 4).
    62 | D:1      | 62 ||| SHOPLISTING ring of resist corrosion (200 gold, have
                  | 4).
   148 | D:1      | Reached skill level 3 in Ranged Weapons
   175 | D:1      | 175 ||| READING scroll labelled LUZUD VOSINUD.
   176 | D:1      | 176 ||| DROPPING scroll of poison.
   183 | D:1      | Reached XP level 2. HP: 22/23 MP: 2/2
   238 | D:1      | Found Diluowue's Vocational Training.
   259 | D:1      | 259 ||| READING scroll labelled HEDESEZXEMM.
   292 | D:1      | 292 ||| READING scroll labelled MIFUON YTAOT.
   293 | D:1      | 293 ||| READING scroll labelled GORE ZERGHUOFF.
   823 | D:1      | 823 ||| UPGRADING to +0 leather armour.
   833 | D:1      | 833 ||| DROPPING +0 robe.
   834 | D:1      | 834 ||| UPGRADING to +4 ring of protection.
   835 | D:1      | 835 ||| READING scroll labelled VAZIRUITON.
  1030 | D:2      | Reached XP level 3. HP: 27/29 MP: 3/3
  1230 | D:2      | 1230 ||| READING scroll of enchant weapon.
  1230 | D:2      | 1230 ||| ENCHANTING +2 sling.
  1464 | D:2      | Reached skill level 4 in Ranged Weapons
  1645 | D:2      | 1645 ||| UPGRADING to +0 ring mail.
  1655 | D:2      | 1655 ||| DROPPING +0 leather armour.
  1656 | D:2      | 1656 ||| READING scroll labelled BOANISIAMAU.
  1657 | D:2      | 1657 ||| READING scroll labelled ICIRIZ ROMUPP.
  1658 | D:2      | 1658 ||| READING scroll labelled JITTOY GOTAMAC.
  1659 | D:2      | 1659 ||| READING scroll labelled ODYSO IDOHERY.
  1660 | D:2      | 1660 ||| DRINKING 2 viscous silvery potions.
  1703 | D:2      | 1703 ||| DROPPING potion of lignification.
  1752 | D:3      | Reached skill level 1 in Armour
  1828 | D:3      | Reached XP level 4. HP: 31/33 MP: 4/4
  1961 | D:3      | Noticed Ijyb
  1963 | D:3      | 1963 ||| FLEEEEING.
  1964 | D:3      | 1964 ||| FLEEEEING.
  1968 | D:3      | 1968 ||| FLEEEEING.
  1969 | D:3      | 1969 ||| FLEEEEING.
  1974 | D:3      | 1974 ||| FLEEEEING.
  1976 | D:3      | 1976 ||| FLEEEEING.
  1977 | D:3      | 1977 ||| FLEEEEING.
  1978 | D:3      | 1978 ||| FLEEEEING.
  1979 | D:3      | 1979 ||| FLEEEEING.
  1980 | D:3      | 1980 ||| FLEEEEING.
  1981 | D:3      | 1981 ||| FLEEEEING.
  1986 | D:3      | 1986 ||| FLEEEEING.
  1987 | D:3      | 1987 ||| FLEEEEING.
  1988 | D:3      | 1988 ||| FLEEEEING.
  1989 | D:3      | 1989 ||| FLEEEEING.
  1990 | D:3      | 1990 ||| FLEEEEING.
  1991 | D:3      | 1991 ||| FLEEEEING.
  1993 | D:3      | 1993 ||| FLEEEEING.
  1994 | D:3      | 1994 ||| FLEEEEING.
  1995 | D:3      | 1995 ||| FLEEEEING.
  1996 | D:3      | 1996 ||| FLEEEEING.
  1997 | D:3      | 1997 ||| FLEEEEING.
  1998 | D:3      | 1998 ||| STAIRDANCE
  2035 | D:3      | 2035 ||| STAIRDANCE
  2080 | D:3      | 2080 ||| FLEEEEING.
  2081 | D:3      | 2081 ||| FLEEEEING.
  2082 | D:3      | 2082 ||| FLEEEEING.
  2083 | D:3      | 2083 ||| FLEEEEING.
  2085 | D:3      | 2085 ||| FLEEEEING.
  2086 | D:3      | 2086 ||| FLEEEEING.
  2087 | D:3      | 2087 ||| FLEEEEING.
  2088 | D:3      | 2088 ||| FLEEEEING.
  2089 | D:3      | 2089 ||| FLEEEEING.
  2090 | D:3      | 2090 ||| STAIRDANCE
  2154 | D:3      | 2154 ||| STAIRDANCE
  2217 | D:3      | Killed Ijyb
  2504 | D:3      | 2504 ||| FLEEEEING.
  2505 | D:3      | 2505 ||| FLEEEEING.
  2506 | D:3      | 2506 ||| FLEEEEING.
  2507 | D:3      | 2507 ||| FLEEEEING.
  2508 | D:3      | 2508 ||| FLEEEEING.
  2512 | D:3      | Reached skill level 5 in Ranged Weapons
  2581 | D:3      | Noticed Robin
  2593 | D:3      | Killed Robin
  2594 | D:3      | Reached skill level 3 in Fighting
  2594 | D:3      | Reached XP level 5. HP: 32/45 MP: 5/5
  2742 | D:3      | 2742 ||| DRINKING 2 red potions.
  2751 | D:3      | 2751 ||| READING 2 scrolls of identify.
  2751 | D:3      | 2751 ||| IDENTIFYING orange potion
  2752 | D:3      | 2752 ||| DROPPING potion of ambrosia.
  2836 | D:4      | Reached skill level 6 in Ranged Weapons
  2908 | D:4      | Reached XP level 6. HP: 51/51 MP: 6/6
  2952 | D:4      | Found a large runed translucent door.
  2952 | D:4      | Found a large runed translucent door.
  2988 | D:4      | Noticed a sky beast
  2989 | D:4      | Noticed a sky beast
  2994 | D:4      | Found a large runed translucent door.
  2994 | D:4      | Found a large runed translucent door.
  3206 | D:4      | Noticed a water moccasin
  3212 | D:4      | Killed a water moccasin
  3264 | D:4      | Reached skill level 7 in Ranged Weapons
  3264 | D:4      | Reached XP level 7. HP: 33/61 MP: 7/7
  3546 | D:4      | Found a sparkling altar of Nemelex Xobeh.
  3826 | D:4      | 3826 ||| UPGRADING to +6 ring of strength.
  3827 | D:4      | 3827 ||| READING scroll labelled MIRHON CUYRPH.
  3828 | D:4      | 3828 ||| READING 2 scrolls of identify.
  3828 | D:4      | 3828 ||| IDENTIFYING viscous sapphire potion
  3835 | D:5      | Entered Level 5 of the Dungeon
  3862 | D:5      | Noticed Dowan
  3864 | D:5      | Noticed Duvessa
  3866 | D:5      | 3866 ||| FLEEEEING.
  3867 | D:5      | 3867 ||| FLEEEEING.
  3868 | D:5      | 3868 ||| FLEEEEING.
  3883 | D:5      | Killed Duvessa
  3887 | D:5      | HP: 14/61 [iguana (7)]
  3888 | D:5      | 3888 ||| READING scroll of teleportation.
  3888 | D:5      | HP: 6/61 [iguana (8)]
  3889 | D:5      | Slain by an iguana

Levels and vault maps discovered:
D:1:      giann_wishing_wells, layout_loops_ring, serial_glass, glass_columns_a,
          glass_columns_c, feat_on_display, minmay_strange_pillars,
          due_unseen_surprise, serial_shops, nicolae_shop_real_fake_doors,
          nicolae_shop_vocational
D:2:      layout_basic, serial_bayou, serial_bayou_ford_a, serial_bayou_pond_d,
          serial_bayou_pond_a, serial_bayou_pond_a
D:3:      layout_loops_cross, minmay_misc_feat_hallway, uniq_ijyb, uniq_robin
D:4:      wander_river, layout_cave_pods, nemelex_dance_club_becter, hex_tiny,
          minmay_hollow_rounded_squares
D:5:      layout_cave_pods, temple_fountains, uniq_menkaure, uniq_duvessa

Skill      XL: |  1  2  3  4  5  6 |
---------------+-------------------+-----
Ranged Weapons | 3 4 5 6 7 |  7.9
Fighting       | 2 3 5 |  5.1
Armour         | 1 |  1.0
Dodging        | |  2.1
Spellcasting   | |  1.0
Hexes          | |  2.0

Action                     |  1- 3 |  4- 6 |  7- 9 || total
---------------------------+-------+-------+-------++-------
   Fire: Sling             |   124 |   165 |    47 ||   336
    Use: Scroll            |    10 |     1 |     3 ||    14
         Potion            |     1 |     1 |       ||     2
 Armour: Leather armour    |     2 |       |       ||     2
         Ring mail         |     5 |    42 |    13 ||    60
  Dodge: Dodged            |    32 |    56 |    24 ||   112

Table legend:
 A = Non-vault XP
 B = Vault XP
 C = Vault XP percentage of total XP
 D = Non-vault monster count
 E = Vault monster count
 F = Vault count percentage of total count
                 A         B        C        D         E       F
            +---------+---------+-------+---------+---------+-------
      Total |     456 |     570 |  55.6 |      72 |      29 |  28.7
            +---------+---------+-------+---------+---------+-------
        D:1 |      32 |       0 |   0.0 |      19 |       0 |   0.0
        D:2 |      45 |       0 |   0.0 |      17 |       0 |   0.0
        D:3 |      50 |      74 |  59.7 |      18 |      13 |  41.9
        D:4 |     329 |     354 |  51.8 |      18 |      15 |  45.5
        D:5 |       0 |     142 | 100.0 |       0 |       1 | 100.0
            +---------+---------+-------+---------+---------+-------
